 Dungeon Crawl Stone Soup version 0.25.0-33-gff14898491 (webtiles) character file.

Game seed: 15365653664375647613

43 Ethylacetat the Sneak (level 3, -4/25 HPs)
             Began as an Octopode Assassin on July 6, 2020.
             Slain by an ogre
             ... wielding a +0 giant spiked club
              (12 damage)
             ... on level 2 of the Dungeon.
             The game lasted 00:01:50 (877 turns).

Ethylacetat the Sneak (Octopode Assassin)            Turns: 877, Time: 00:01:51

Health: -4/25      AC:  1    Str: 11    XL:     3   Next: 58%
Magic:  3/3        EV: 13    Int: 13    God:
Gold:   36         SH:  5    Dex: 13    Spells: 2/2 levels left

rFire    + . .     SeeInvis .   a - +2 dagger
rCold    . . .     Gourm    .   (no shield)
rNeg     . . .     Faith    .   (helmet restricted)
rPois    .         Spirit   .   e - amulet of reflection
rElec    .         Reflect  +   m - ring of protection from fire
rCorr    .         Harm     .   (no ring)
MR       .....                  (no ring)
Stlth    ++++......             (no ring)
HPRegen  0.08/turn              (no ring)
MPRegen  0.08/turn              (no ring)
                                (no ring)
                                (no ring)

@: no status effects
A: almost no armour, stealthy swim, amphibious, 8 rings, constrict 8, camouflage
1, gelatinous body 1
a: no special abilities


You were on level 2 of the Dungeon.
You were not hungry.

You visited 1 branch of the dungeon, and saw 2 of its levels.

You collected 36 gold pieces.

Inventory:

Hand Weapons
 a - a +2 dagger (weapon)
Missiles
 b - a poisoned dart (quivered)
 c - 2 curare-tipped darts
Jewellery
 e - an amulet of reflection (around mantle)
 m - a ring of protection from fire (left tentacle)
Scrolls
 h - a scroll of teleportation {unknown}
 j - a scroll of identify {unknown}
 k - a scroll of blinking {unknown}
 l - a scroll of enchant armour {unknown}
Potions
 f - a potion of magic {unknown}
 g - a potion of degeneration {unknown}
Comestibles
 d - 5 rations
 i - a chunk of flesh


   Skills:
 + Level 2.7 Fighting
 * Level 3.3 Short Blades
 - Level 2.0 Throwing
 - Level 1.0 Dodging
 - Level 5.3 Stealth


You had 2 spell levels left.
You didn't know any spells.
Your spell library was empty.

Dungeon Overview and Level Annotations

Branches:
Dungeon (2/15)

Altars:


Innate Abilities, Weirdness & Mutations

You cannot wear most types of armour.
You are very stealthy in the water. (Stealth+)
You are amphibious.
You can wear up to eight rings at the same time.
You can use your tentacles to constrict eight enemies at once.
Your skin changes colour to match your surroundings (Stealth+).
Your rubbery body absorbs attacks. (AC +1, EV +1)


Message History

The ogre is heavily wounded.
You completely miss the ogre.
The ogre is heavily wounded.
The ogre closely misses you.
You hit the ogre.
The ogre is heavily wounded.
The ogre barely misses you.
You hit the ogre.
The ogre is severely wounded.
You barely miss the ogre. You squeeze the ogre.
The ogre is severely wounded.
The ogre looks more healthy.
The ogre hits you with a +0 giant spiked club!
Ouch! That really hurt!
You hit the ogre but do no damage.
The ogre is severely wounded.
You hit the ogre.
The ogre is severely wounded.
The ogre hits you with a +0 giant spiked club!
You die...

###.#.#รท...............
....#.#..........#.##..
...........##..#.>.....
#####.#.##.#.........).
###......#..............
............##>.........
###........+...........
##.#.#...##.........#
#.#@###.##.........+ .
#O# #.# . #....w.((.#
#..<.......(((
#...$......###
#.........(#
#.....$....#
#..........#
#..........#


You could see an ogre and a dart slug.

Vanquished Creatures
  Jessica (D:2)
  2 bats
  3 giant cockroaches (D:1)
  A goblin (D:1)
  6 kobolds
  4 rats
17 creatures vanquished.

Notes
Turn   | Place    | Note
-------+----------+-------------------------------------------
     0 | D:1      | Ethylacetat the Octopode Assassin began the quest for the
                  | Orb.
     0 | D:1      | Reached XP level 1. HP: 14/14 MP: 1/1
   235 | D:1      | Reached XP level 2. HP: 18/19 MP: 2/2
   696 | D:2      | Noticed Jessica
   709 | D:2      | Killed Jessica
   709 | D:2      | Reached XP level 3. HP: 21/25 MP: 3/3
   857 | D:2      | Noticed an ogre
   877 | D:2      | Slain by an ogre

Illustrated notes

Levels and vault maps discovered:
D:1:      dpeg_arrival_more_subterranean_lakeside_camping, layout_loops_ring
D:2:      layout_basic, first_ration, chequers_ecumenical_altar_grove,
          uniq_jessica

Skill      XL: |  1  2 |
---------------+-------+-----
Short Blades   | 3 |  3.3
Fighting       | |  2.7
Throwing       | |  2.0
Dodging        | |  1.0
Stealth        | |  5.3

Action                   || total
-------------------------++-------
Melee: Dagger            ||    60
       Constrict         ||    12
       Tentacles         ||    11
Throw: Dart              ||     7
 Stab: Sleeping          ||     1
Armor: Skin              ||     6
Dodge: Dodged            ||    38
Block: Other             ||    15
       Reflection        ||     2
